 Dungeon Crawl Stone Soup version 0.29-a0-1009-g60c99734e7 (webtiles) character file.

Game seed: 11537291901422053484

831 IdlyInterested the Slasher (level 7, 0/50 HPs)
             Began as a Demonspawn Gladiator on Aug 8, 2022.
             Slain by Duvessa
             ... wielding a +0 short sword
              (8 damage)
             ... on level 6 of the Dungeon.
             The game lasted 00:13:00 (7004 turns).

IdlyInterested the Slasher (Demonspawn Gladiator)   Turns: 7004, Time: 00:13:01

Health: 0/50       AC: 11    Str: 14    XL:     7   Next: 65%
Magic:  10/10      EV:  8    Int: 15    God:
Gold:   258        SH:  6    Dex: 12    Spells: 10/10 levels left

rFire   + . .      SeeInvis .   a - +0 long sword
rCold   . . .      Faith    .   E - +0 kite shield
rNeg    . . .      Spirit   .   y - +1 scale mail "Vaov" {+Blink Int+5 Dex-4}
rPois   .          Reflect  .   (helmet restricted)
rElec   .          Harm     .   (no cloak)
rCorr   .          Rampage  .   (no gloves)
Will    .....                   k - +1 pair of boots
Stlth   ..........              (no amulet)
HPRegen 0.16/turn               m - ring of protection from cold
MPRegen 0.24/turn               q - ring of fire

@: no status effects
A: antennae 2, molten scales 1, magic regeneration
a: Evoke Blink


You were on level 6 of the Dungeon.
You visited 2 branches of the dungeon, and saw 7 of its levels.

You collected 258 gold pieces.

Inventory:

Hand Weapons
 a - a +0 long sword (weapon)
 c - a +0 falchion
 v - a +0 short sword
Missiles
 d - a throwing net
 e - 6 javelins
 f - 4 curare-tipped darts
 j - 7 poisoned darts (quivered)
 t - 2 boomerangs
Armour
 h - a +0 plate armour
 k - a +1 pair of boots (worn)
 y - the +1 scale mail "Vaov" (worn) {+Blink Int+5 Dex-4}
   (You found it on level 5 of the Dungeon)

   Int:       It affects your intelligence (+5).
   Dex:       It affects your dexterity (-4).
   +Blink:    It lets you blink.
 E - a +0 kite shield (worn)
Magical Staves
 x - a staff of fire
Jewellery
 m - a ring of protection from cold (left hand)
 q - a ring of fire (right hand)
Wands
 b - a wand of charming (9)
 w - a wand of polymorph (12)
 B - a wand of mindburst (12)
 C - a wand of flame (6)
Scrolls
 g - 3 scrolls of silence
 s - a scroll of fear
 u - 2 scrolls of amnesia
Potions
 i - 2 potions of might {unknown}
 l - 3 potions of lignification
 n - a potion of haste
 o - a potion of mutation {unknown}
 r - a potion of cancellation {unknown}
 z - a potion of magic
 A - a potion of heal wounds {unknown}
 D - a potion of brilliance {unknown}


   Skills:
 - Level 2.0 Fighting
 * Level 6.5 Long Blades
 - Level 1.7 Throwing
 - Level 1.0 Armour
 + Level 4.9 Dodging
 - Level 1.0 Stealth
 + Level 0.1 Shields
 - Level 2.0 Spellcasting
 - Level 1.0 Evocations


You had 10 spell levels left.
You didn't know any spells.
Your spell library contained the following spells:

 Spells                   Type           Power      Damage    Failure   Level
 Borgnjor's Revivificati  Necr           0%         N/A       100%        8
 Necromutation            Tmut/Necr      0%         N/A       100%        8
 Death's Door             Necr           0%         N/A       100%        9


Dungeon Overview and Level Annotations

Branches:
Dungeon (6/15)             Temple (1/1) D:4

Altars:
Dithmenos
Fedhas
Gozag
Hepliaklqana
Kikubaaqudgha
Makhleb
Nemelex Xobeh
Okawaru
Qazlal
Ru
Sif Muna
Trog
Uskayaw
Vehumet
Xom
Yredelemnul

Annotations:
D:6 Dowan, Duvessa


Innate Abilities, Weirdness & Mutations

You have a pair of antennae on your head.
You are partially covered in molten scales. (AC +2)
You regenerate magic rapidly.


Message History

Duvessa struggles against the net.
You hit Duvessa.
Duvessa is lightly wounded.
Dowan casts a spell at Duvessa.
Duvessa seems to speed up.
Duvessa says, "When magic and the sword combine, nothing stands against them."
Duvessa struggles against the net.
You catch the helpless Duvessa completely off-guard!
You slash Duvessa!
Duvessa is moderately wounded.
Duvessa struggles against the net.
Dowan hits you but does no damage.
Duvessa struggles against the net.
Dowan closely misses you.
You hit Duvessa.
Duvessa is moderately wounded.
Duvessa struggles against the net.
The net rips apart, and Duvessa comes free!
The bullfrog barely misses you.
Duvessa says, "When magic and the sword combine, nothing stands against them."
Duvessa zaps a wand.
The bolt of light hits you! Dowan hits you with a +0 whip.
The bullfrog completely misses you.
You hit Duvessa.
Duvessa is heavily wounded.
Duvessa hits you but does no damage. The bullfrog hits you.
Duvessa hits you but does no damage. Dowan gestures at you while chanting.
The puff of flame hits you. You resist.
The bullfrog hits you but does no damage.
You hit Duvessa.
Duvessa is heavily wounded.
Duvessa zaps a wand.
The bolt of light hits you!
* * * LOW HITPOINT WARNING * * *
The bullfrog hits you.
* * * LOW HITPOINT WARNING * * *
You block Dowan's attack.
Duvessa drinks a potion.
Duvessa is healed!
The bullfrog hits you but does no damage.
Dowan hisses, "Insulting my beauty only makes me fight harder!"
Dowan hits you but does no damage.
It was a potion of magic.
Magic courses through your body. Duvessa hits you with a +0 short sword!
You die...

..######## ##..#
##### .## ##..## ##
##..## # ##..## .
#..## . #..# .
#####..##### #
#..........####..
#........@e...(#
#........Fe.....(
#.................
##................
#................
#.................[
#..................#
...............(...
.......##


You could see Duvessa (fast), Dowan (poisoned) and a bullfrog.

Vanquished Creatures
  A water moccasin (D:5)
  A black bear (D:3)
  An orc warrior (D:5)
  A scorpion (D:4)
  A howler monkey (D:4)
  2 orc priests
  4 hounds (D:5)
  2 iguanas
  Terence (D:3)
  3 gnolls (D:4)
  7 adders
  An ufetubus (D:5)
  3 worms
  3 dart slugs
  7 orcs
  8 endoplasms
  2 giant cockroaches
  6 goblins
  7 hobgoblins
  2 jackals (D:4)
  6 quokkas
  10 ball pythons
  3 bats
  5 frilled lizards
  5 kobolds
  8 rats
100 creatures vanquished.

Notes
Turn   | Place    | Note
-------+----------+-------------------------------------------
     0 | D:1      | IdlyInterested the Demonspawn Gladiator began the quest for
                  | the Orb.
     0 | D:1      | Reached XP level 1. HP: 16/16 MP: 1/1
   162 | D:1      | Found a faded altar of an unknown god.
   266 | D:1      | Reached skill level 3 in Long Blades
   370 | D:1      | Gained mutation: You regenerate magic rapidly. [demonic
                  | ancestry]
   370 | D:1      | Reached XP level 2. HP: 18/22 MP: 2/2
   959 | D:1      | Reached XP level 3. HP: 19/27 MP: 3/3
  2802 | D:3      | Reached skill level 4 in Long Blades
  2928 | D:3      | Reached XP level 4. HP: 17/33 MP: 4/4
  3505 | D:3      | Noticed a black bear
  3515 | D:3      | Killed a black bear
  3516 | D:3      | Reached skill level 5 in Long Blades
  3516 | D:3      | Gained mutation: You are partially covered in molten
                  | scales. (AC +2) [demonic ancestry]
  3516 | D:3      | Reached XP level 5. HP: 23/38 MP: 5/5
  3676 | D:3      | Noticed Terence
  3686 | D:3      | Killed Terence
  3735 | D:3      | Found a burning altar of Makhleb.
  4136 | D:4      | Reached skill level 1 in Spellcasting
  4136 | D:4      | Gained mutation: You have a pair of small antennae on your
                  | head. [demonic ancestry]
  4136 | D:4      | Reached XP level 6. HP: 38/44 MP: 5/7
  4251 | D:4      | Found a staircase to the Ecumenical Temple.
  4267 | Temple   | Entered the Ecumenical Temple
  5030 | D:5      | Entered Level 5 of the Dungeon
  5453 | D:5      | Noticed a water moccasin
  5465 | D:5      | Killed a water moccasin
  5466 | D:5      | Gained mutation: You have a pair of antennae on your head.
                  | [demonic ancestry]
  5466 | D:5      | Reached XP level 7. HP: 13/50 MP: 10/10
  5778 | D:5      | Reached skill level 1 in Armour
  5788 | D:5      | Reached skill level 6 in Long Blades
  5950 | D:5      | Identified the +1 scale mail "Vaov" {+Blink Int+5 Dex-4}
  6303 | D:5      | Reached skill level 1 in Stealth
  6494 | D:5      | Found a faded altar of an unknown god.
  6495 | D:5      | Found a hazy altar of Hepliaklqana.
  6572 | D:6      | Noticed Dowan
  6575 | D:6      | Noticed Duvessa
  6609 | D:5      | Reached skill level 1 in Evocations
  7004 | D:6      | Slain by Duvessa

Illustrated notes

Levels and vault maps discovered:
D:1:      amcnicky_arrival_choice, layout_basic, basic_ecumenical_altar,
          corexii_item_surrounded_by_moat, minmay_pentomino_z4
D:2:      layout_loops_ring, amcnicky_mini_rare_corridor_liquid
D:3:      layout_basic, lightli_temple_of_fire, uniq_terence
D:4:      layout_loops_ring, temple_green
D:5:      minmay_general_purpose_star, layout_basic,
          beargit_hepliaklqana_dungeon_heroes
D:6:      layout_layer_cave, serial_park_tiny_2, kb_rosetta, uniq_pikel,
          uniq_duvessa
Temple:   eino_temple_scatter_basement

Skill      XL: |  1  2  3  4  5  6  7 |
---------------+----------------------+-----
Long Blades    | 3 4 5 6 |  6.5
Dodging        | 3 4 |  4.9
Spellcasting   | 1 2 |  2.0
Armour         | 1 |  1.0
Stealth        | 1 |  1.0
Evocations     | 1 |  1.0
Fighting       | |  2.0
Throwing       | |  1.7
Shields        | |  0.1

Action                   |  1- 3 |  4- 6 |  7- 9 || total
-------------------------+-------+-------+-------++-------
Melee: Long sword        |   167 |   159 |    86 ||   412
       Punch             |       |     2 |     2 ||     4
Throw: Dart              |       |    19 |     8 ||    27
       Throwing net      |       |       |     2 ||     2
Evoke: Wand              |       |       |     1 ||     1
  Use: Scroll            |     4 |     4 |     1 ||     9
       Potion            |       |     1 |     1 ||     2
 Stab: Held in net/web   |       |       |     1 ||     1
Armor: Leather armour    |    36 |       |       ||    36
       Ring mail         |    20 |    36 |       ||    56
       Chain mail        |       |    67 |     3 ||    70
       Scale mail        |       |       |    75 ||    75
Dodge: Dodged            |    95 |    74 |    59 ||   228
Block: Kite shield       |       |       |    27 ||    27

Table legend: (Time is in decaauts)
 A = Elapsed time spent in this place.
 B = Non-inter-level travel time spent in this place.
 C = Inter-level travel time spent in this place.
 D = Time resting spent in this place.
 E = Time spent auto-exploring this place.
 F = Levels seen in this place.
 G = Mean time per level.
                   A        B        C        D        E       F      G
               +--------+--------+--------+--------+--------+-----+--------+
         Total |   7084 |   6265 |    819 |   1547 |   3488 |   7 | 1012.0 |
       Dungeon |   6857 |   6058 |    799 |   1547 |   3298 |   6 | 1142.8 |
        Temple |    226 |    206 |     20 |      0 |    190 |   1 |  226.0 |
               +--------+--------+--------+--------+--------+-----+--------+

Top non-repeatable levels by time:
     D:1: 2121 daAuts
     D:5: 1730 daAuts
     D:3: 1223 daAuts
     D:4: 884 daAuts
     D:2: 708 daAuts
  Temple: 226 daAuts
     D:6: 188 daAuts
